[Event "Team 45 45 League T35"]
[Site "Internet Chess Club"]
[Date "2007.11.11"]
[Round "4"]
[White "logicg8"]
[Black "Kalhalla"]
[Result "1-0"]
[WhiteElo "1769"]
[BlackElo "1837"]
[Opening "Van't Kruijs opening"]
[ECO "A00"]
[Time "11:59:44"]
[TimeControl "2700+45"]

1. e3 Nf6 2. Nf3 g6 3. d4 Bg7 4. Bd3 d6 5. O-O O-O 6. c4 Nc6 7. Nc3 e5 8. d5 Nb4
9. Be2 Nd7 10. a3 Na6 11. e4 f5 12. Bg5 Nf6 13. exf5 gxf5 14. Re1 h6 15. Bh4 Qe8
16. h3 f4 17. Bd3 Nc5 18. Bc2 a5 19. b4 axb4 20. axb4 Rxa1 21. Qxa1 Na6 22. Qa3
Qh5 23. Bxf6 Bxf6 24. Ne4 Be7 25. b5 Nb8 26. c5 Kh8 27. cxd6 cxd6 28. Nxd6 Nd7
29. Qd3 e4 30. Nxe4 Rf7 31. d6 Bf8 32. Qc3+ Rg7 33. Nf6 Qxh3 34. Bg6 Qxf3 35.
Qxf3 Nxf6 36. Qd3 Bd7 37. Bf5 Bxf5 38. Qxf5 Bxd6 39. Qxf6 Bc5 40. Qxh6+ Kg8 41.
Qxf4 b6 42. Re8+ Kh7 43. Qf5+ Kh6 44. Rh8+ {Black resigns} 1-0

[Event "Team 45 45 League T35"]
[Site "Internet Chess Club"]
[Date "2007.11.09"]
[Round "4"]
[White "MindRide"]
[Black "bmw2002"]
[Result "0-1"]
[WhiteElo "1718"]
[BlackElo "1719"]
[Opening "Trompowsky attack (Ruth, Opocenský opening)"]
[ECO "A45"]
[Time "20:11:23"]
[TimeControl "2700+45"]

1. d4 Nf6 2. Bg5 g6 3. e3 Bg7 4. Bd3 d6 5. f4 O-O 6. Nf3 c5 7. c3 cxd4 8. exd4
Nc6 9. O-O Qb6 10. Qb3 Qxb3 11. axb3 Be6 12. Bxf6 Bxf6 13. Nbd2 Bd5 14. Ra3 e5
15. fxe5 dxe5 16. dxe5 Nxe5 17. Nxe5 Bxe5 18. Nc4 Bc7 19. Rfa1 Rfe8 20. b4 b5
21. Na5 a6 22. c4 bxc4 23. Nxc4 Reb8 24. Rxa6 Rxa6 25. Rxa6 Rxb4 26. Ne3 Bb7 27.
Ra3 Rxb2 28. Bc2 Bb6 {White resigns} 0-1

[Event "Team 45 45 League T35"]
[Site "Internet Chess Club"]
[Date "2007.11.11"]
[Round "4"]
[White "Sean"]
[Black "crazynights"]
[Result "1-0"]
[WhiteElo "1725"]
[BlackElo "1622"]
[Opening "English: Neo-Catalan"]
[ECO "A13"]
[Time "09:57:33"]
[TimeControl "2700+45"]

1. Nf3 Nf6 2. c4 e6 3. g3 d5 4. Bg2 Nbd7 5. d4 Bb4+ 6. Bd2 Be7 7. Nc3 O-O 8.
cxd5 exd5 9. O-O c6 10. a3 Bd6 11. b4 a5 12. b5 Re8 13. e3 Nb6 14. Na4 cxb5 15.
Nxb6 Qxb6 16. Rb1 Bd7 17. Qb3 b4 18. axb4 axb4 19. Bxb4 Bxb4 20. Qxb4 Qxb4 21.
Rxb4 b5 22. Ne5 Be6 23. Rxb5 Rab8 24. Rfb1 Rxb5 25. Rxb5 Rc8 26. Nd3 Nd7 27.
Bxd5 Bxd5 28. Rxd5 Nb6 29. Rb5 Nc4 30. Rc5 Rxc5 31. Nxc5 Kf8 32. Kg2 Ke7 33. Kf3
Kd6 34. Nd3 Nd2+ 35. Kf4 h6 36. h4 Nc4 37. Ne5 Nxe5 38. dxe5+ Kd5 39. e4+ Ke6
40. h5 Ke7 41. Kg4 Kd7 42. f4 Ke6 43. Kf3 Kd7 44. g4 Ke6 45. Kg3 Ke7 46. Kh4 Ke6
47. g5 Ke7 48. f5 Kd7 49. f6 {Black resigns} 1-0

[Event "Team 45 45 League T35"]
[Site "Internet Chess Club"]
[Date "2007.11.11"]
[Round "4"]
[White "crag"]
[Black "Cantemir"]
[Result "1-0"]
[WhiteElo "1381"]
[BlackElo "1513"]
[Opening "Sicilian: Labourdonnais-Löwenthal variation"]
[ECO "B32"]
[Time "17:00:01"]
[TimeControl "2700+45"]

1. e4 c5 2. Nf3 Nc6 3. d4 cxd4 4. Nxd4 e5 5. Nxc6 bxc6 6. Bc4 Nf6 7. Nc3 Bb4 8.
Bd3 O-O 9. O-O d6 10. Bg5 Bg4 11. Bxf6 Bxd1 12. Bxd8 Bxc2 13. Bxc2 Bxc3 14. bxc3
Rfxd8 15. Rab1 a5 16. Rb7 a4 17. Rfb1 g5 18. Rc7 d5 19. Rxc6 d4 20. cxd4 exd4
21. Rd1 a3 22. Rc4 Rac8 23. Rxc8 Rxc8 24. Bb3 Rc3 25. f3 d3 26. Kf2 Kg7 27. Ke3
Kg6 28. Rxd3 Rc7 29. Bd5 h5 30. Rxa3 Rc2 31. g3 Rxh2 32. f4 g4 33. Ra6+ f6 34.
e5 h4 35. gxh4 g3 36. Rxf6+ Kg7 37. Rf7+ Kg8 38. e6 g2 39. Kf2 Rxh4 40. e7 g1=Q+
41. Kxg1 Rg4+ 42. Kf2 Rxf4+ 43. Rxf4+ Kg7 44. e8=Q Kh6 45. Qe6+ Kg5 46. Qe5+ Kh6
47. Rf6+ Kg7 48. Qe7+ Kh8 49. Rf8# {Black checkmated} 1-0

[Event "Team 45 45 League T35"]
[Site "Internet Chess Club"]
[Date "2007.11.11"]
[Round "4"]
[White "Cowboy"]
[Black "t-hobbes"]
[Result "1-0"]
[WhiteElo "1307"]
[BlackElo "1273"]
[Opening "King's pawn game"]
[ECO "C44"]
[Time "20:20:31"]
[TimeControl "2700+45"]

1. e4 e5 2. Nf3 Nc6 3. b3 Nf6 4. d3 Bc5 5. Bb2 Ng4 6. d4 exd4 7. Nxd4 Qf6 8.
Qxg4 Nxd4 9. Qd1 O-O 10. Bd3 Nf3+ 11. gxf3 Qxb2 12. Nd2 Qd4 13. O-O d5 14. Qe2
Bh3 15. Rfe1 Rfe8 16. Rad1 Qf6 17. Kh1 Qg5 18. Rg1 Qe5 19. Rg3 Bd7 20. Rdg1 g6
21. Rg5 Qe6 22. Rxd5 Bd6 23. Qf1 Be5 24. Nc4 Bf4 25. Rg4 Qf6 26. Rxd7 Bd6 27.
Nxd6 Qxf3+ 28. Qg2 Qd1+ 29. Qg1 Qf3+ 30. Rg2 cxd6 31. Rxd6 Re5 32. Qe1 Rg5 33.
Qg1 h5 34. Rd5 f5 35. exf5 Qxd5 36. Bc4 Rxf5 37. Bxd5+ Rxd5 38. Rxg6+ Kh7 39.
Rg7+ Kh8 40. Qa1 Rad8 41. Rxb7+ Rd4 42. Rb4 Kh7 43. Rxd4 Rxd4 44. Qxd4 {Black
resigns} 1-0

[Event "Team 45 45 League T35"]
[Site "Internet Chess Club"]
[Date "2007.11.13"]
[Round "4"]
[White "Orforded"]
[Black "Russ"]
[Result "0-1"]
[WhiteElo "1294"]
[BlackElo "1250"]
[Opening "Sicilian: Najdorf, Opocensky variation"]
[ECO "B92"]
[Time "10:00:15"]
[TimeControl "2700+45"]

1. e4 c5 2. Nf3 d6 3. d4 cxd4 4. Nxd4 Nf6 5. Nc3 a6 6. Be2 e5 7. Nf3 Be7 8. h3
Be6 9. Be3 O-O 10. O-O Nbd7 11. b4 Qc7 12. Qd2 Rac8 13. Nd5 Bxd5 14. exd5 Qxc2
15. Rac1 Qxd2 16. Nxd2 Nxd5 17. Bg4 Rxc1 18. Rxc1 N7f6 19. Bf3 b5 20. a3 Nxe3
21. fxe3 Ra8 22. Bxa8 d5 23. Rc8+ Bf8 24. Rc5 Bxc5 25. bxc5 d4 26. c6 Nd5 27. e4
Nc7 28. Kf2 Nxa8 29. Ke2 Nc7 30. Nb3 Ne6 31. Nc5 Nc7 32. g4 h6 33. h4 f6 34. h5
Kf7 35. Nd3 Ke7 36. Nb4 Kd6 37. Kd2 a5 38. Nc2 Kxc6 39. Kd3 Kc5 40. Na1 b4 41.
a4 Ne6 42. Nb3+ Kb6 43. Kc4 Nf4 44. Nc5 g6 45. hxg6 Nxg6 46. Nd7+ Kc6 47. Nxf6
Nf4 48. Ng8 h5 49. g5 h4 50. Nf6 h3 51. Ng4 Kd6 52. Nf2 h2 53. Nh1 Ke6 54. Nf2
Kf7 55. Ng4 h1=Q 56. Nxe5+ Ke6 57. Nc6 Qxe4 58. Nxd4+ Ke5 {White resigns} 0-1

[Event "Team 45 45 League T35"]
[Site "Internet Chess Club"]
[Date "2007.11.10"]
[Round "4"]
[White "king4aknight"]
[Black "conron"]
[Result "1-0"]
[WhiteElo "1053"]
[BlackElo "1162"]
[Opening "Four knights: Italian variation"]
[ECO "C47"]
[Time "10:01:49"]
[TimeControl "2700+45"]

1. e4 e5 2. Nc3 Nf6 3. Nf3 Nc6 4. Bc4 Bb4 5. Ng5 d5 6. exd5 Na5 7. a3 Bxc3 8.
Qe2 Nxc4 9. dxc3 Qxd5 10. b3 Nd6 11. Bb2 Qxg2 12. Qxe5+ Kd8 13. O-O-O Kd7 14.
Nxf7 Re8 15. Rxd6+ cxd6 16. Qxd6# {Black checkmated} 1-0

[Event "Team 45 45 League T35"]
[Site "Internet Chess Club"]
[Date "2007.11.12"]
[Round "4"]
[White "littleboo"]
[Black "beerss"]
[Result "1-0"]
[WhiteElo "1421"]
[BlackElo "1375"]
[Opening "Queen's pawn: stonewall attack"]
[ECO "A00"]
[Time "13:04:13"]
[TimeControl "2700+45"]

1. e3 Nf6 2. d4 d5 3. Bd3 c5 4. c3 c4 5. Bc2 Nc6 6. Nf3 Bg4 7. h3 Bxf3 8. Qxf3
e5 9. dxe5 Nxe5 10. Ba4+ Nc6 11. O-O Be7 12. Nd2 O-O 13. Bc2 Ne5 14. Qf5 Ng6 15.
Rd1 b5 16. Ne4 Qc7 17. Nxf6+ Bxf6 18. a4 bxa4 19. Qxd5 Rfd8 20. Qb5 Rxd1+ 21.
Bxd1 Ne5 22. Bc2 Rd8 23. Qxa4 Nd3 24. Bxd3 cxd3 25. e4 d2 26. Bxd2 Rxd2 27. Qe8#
{Black checkmated} 1-0

[Event "Team 45 45 League T35"]
[Site "Internet Chess Club"]
[Date "2007.11.11"]
[Round "4"]
[White "knight2f3"]
[Black "Cataclysm"]
[Result "0-1"]
[WhiteElo "1283"]
[BlackElo "1342"]
[Opening "Queen's pawn game"]
[ECO "A46"]
[Time "13:02:51"]
[TimeControl "2700+45"]

1. Nf3 Nf6 2. d4 d6 3. c4 g6 4. Nc3 Nbd7 5. e4 Bg7 6. Be2 O-O 7. h3 e5 8. Be3
Re8 9. d5 c6 10. Qd2 Nh5 11. Ng5 Nf4 12. O-O Qxg5 13. Bf3 Nxh3+ 14. Kh2 Nf4 15.
Rh1 Nf6 16. Kg1 Ng4 17. c5 Nxe3 18. Qxe3 Nh3+ 19. Kf1 Qxe3 20. fxe3 Ng5 21. Be2
Bf8 22. Kf2 f5 23. Bd3 fxe4 24. Nxe4 Nxe4+ 25. Bxe4 Bf5 26. Bxf5 gxf5 27. Rh5 f4
28. Rah1 Re7 29. cxd6 fxe3+ 30. Kxe3 Rg7 31. Ke4 Bxd6 32. R1h4 Rxg2 33. Rxh7 Rf8
34. Rh8+ Kf7 35. R8h7+ Rg7 36. R7h6 Rfg8 37. Rxd6 Rg4+ 38. Rxg4 Rxg4+ 39. Kf5
Rg2 40. Rd7+ Ke8 41. Rxb7 cxd5 42. Kxe5 Rd2 43. Rxa7 d4 44. Ke6 Re2+ 45. Kd5 d3
46. Rh7 d2 47. b4 d1=Q+ 48. Kc4 Qc2+ 49. Kb5 Qxh7 {White resigns} 0-1

[Event "Team 45 45 League T35"]
[Site "Internet Chess Club"]
[Date "2007.11.11"]
[Round "4"]
[White "JimGaming"]
[Black "kinchknifeblade"]
[Result "1-0"]
[WhiteElo "1260"]
[BlackElo "1368"]
[Opening "Sicilian: closed"]
[ECO "B23"]
[Time "16:48:28"]
[TimeControl "2700+45"]

1. e4 c5 2. Nc3 d6 3. f4 g6 4. Nf3 Nc6 5. Bb5 Bg7 6. O-O a6 7. Bc4 b5 8. Bd5 Bb7
9. Ng5 e6 10. Nxe6 fxe6 11. Bxe6 Bd4+ 12. Kh1 Qe7 13. Nd5 Qg7 14. c3 Nd8 15. f5
Bxd5 16. Bxd5 Nf6 17. Bxa8 Be5 18. d4 cxd4 19. cxd4 Bxh2 20. Kxh2 gxf5 21. Rxf5
Rg8 22. Qf3 Ng4+ 23. Kg1 Qxd4+ 24. Kh1 Ne5 25. Qh5+ Rg6 26. Bh6 Qxb2 27. Rf8+
Ke7 28. Qh4+ Kd7 29. Qxd8+ Ke6 30. Bd5# {Black checkmated} 1-0

[Event "Team 45 45 League T35"]
[Site "Internet Chess Club"]
[Date "2007.11.11"]
[Round "4"]
[White "chips"]
[Black "tmac63"]
[Result "1-0"]
[WhiteElo "1148"]
[BlackElo "1048"]
[Opening "Sicilian: Canal-Sokolsky attack, 3...Bd7"]
[ECO "B52"]
[Time "20:58:44"]
[TimeControl "2700+45"]

1. Nf3 c5 2. e4 d6 3. Bb5+ Bd7 4. Bxd7+ Qxd7 5. O-O e6 6. d3 Nf6 7. Nbd2 Nc6 8.
a3 Be7 9. b3 O-O 10. a4 a6 11. Ng5 b5 12. axb5 axb5 13. Rxa8 Rxa8 14. Bb2 h6 15.
Ngf3 Qc7 16. c4 b4 17. Qc2 d5 18. Ra1 Rb8 19. cxd5 Ng4 20. g3 exd5 21. exd5 Nd8
22. Ne5 Qd6 23. Nxg4 Qxd5 24. Qc4 Qg5 25. Nf3 Qf5 26. Kg2 Ne6 27. Ra7 Re8 28.
Ne3 Qh5 29. g4 Qg6 30. Qe4 Qxe4 31. dxe4 Bf6 32. Bxf6 gxf6 33. Kg3 Rc8 34. Nd5
c4 35. Ne7+ Kg7 36. Nxc8 cxb3 37. Rb7 b2 38. Rxb4 b1=Q 39. Rxb1 Kg6 40. Nh4+ Kg5
41. Rb5+ f5 42. Rc5 Nxc5 43. Nd6 fxe4 44. Nxf7+ Kf6 45. Nd6 Ke5 46. Nf7+ Kd4 47.
Nxh6 e3 48. fxe3+ Kxe3 49. N6f5+ Ke4 50. g5 Ne6 51. Kg4 Kd5 52. g6 Ke5 53. g7
Nxg7 54. Nxg7 Kf6 55. Ngf5 Ke6 56. h3 Ke5 57. Nf3+ Kf6 58. h4 Kg6 59. h5+ Kf7
60. Ng5+ Kf6 61. h6 Kg6 62. h7 Kf6 63. h8=Q+ Kg6 64. Qg7# {Black checkmated} 1-0

[Event "Team 45 45 League T35"]
[Site "Internet Chess Club"]
[Date "2007.11.11"]
[Round "4"]
[White "curtintime"]
[Black "Lionskins"]
[Result "0-1"]
[WhiteElo "1440"]
[BlackElo "1526"]
[Opening "Sicilian: Taimanov variation"]
[ECO "B46"]
[Time "20:04:52"]
[TimeControl "2700+45"]

1. e4 c5 2. Nf3 Nc6 3. d4 cxd4 4. Nxd4 a6 5. Nc3 e6 6. Be3 h6 7. Be2 Qc7 8. Qd2
Nf6 9. h3 g5 10. O-O-O Qa5 11. Nb3 Qc7 12. h4 g4 13. f3 Ne5 14. f4 Nc4 15. Qd4
Nxe3 16. Qxe3 h5 17. f5 Bh6 {White resigns} 0-1

[Event "Team 45 45 League T35"]
[Site "Internet Chess Club"]
[Date "2007.11.12"]
[Round "4"]
[White "Riddari"]
[Black "Prop"]
[Result "1-0"]
[WhiteElo "1344"]
[BlackElo "1262"]
[Opening "Ruy Lopez: Berlin defense"]
[ECO "C65"]
[Time "15:04:39"]
[TimeControl "2700+45"]

1. e4 e5 2. Nf3 Nc6 3. Bb5 Nf6 4. d3 Be7 5. Bxc6 bxc6 6. Nxe5 O-O 7. O-O d6 8.
Nxc6 Qd7 9. Nxe7+ Qxe7 10. h3 Bb7 11. Re1 Rfe8 12. Bg5 Qe5 13. Bc1 d5 14. d4 Qe6
15. e5 Ne4 16. Nd2 Qg6 17. c3 f6 18. Nf3 fxe5 19. Nxe5 Qf6 20. Be3 Rad8 21. Qg4
Rf8 22. f3 Nd6 23. Bg5 Qf5 24. Qxf5 Nxf5 25. Bxd8 Rxd8 26. g4 Nd6 27. Nd3 Rf8
28. Kg2 Ba6 29. Nc5 Bc8 30. Re7 Nb5 31. a4 Nd6 32. Rxc7 Nc4 33. b4 Ne3+ 34. Kf2
Re8 35. Rxa7 Nc2 36. Ra2 Ne3 37. Ra8 Kf7 38. b5 h5 39. b6 Nd1+ 40. Kg3 Nxc3 41.
Rc2 Ne2+ 42. Rxe2 Rxe2 43. Rxc8 Rb2 44. b7 Rxb7 45. Nxb7 g6 46. a5 Ke7 47. Nc5
{Black resigns} 1-0

[Event "Team 45 45 League T35"]
[Site "Internet Chess Club"]
[Date "2007.11.10"]
[Round "4"]
[White "gilalva"]
[Black "Gomer"]
[Result "1-0"]
[WhiteElo "1230"]
[BlackElo "1145"]
[Opening "King's gambit"]
[ECO "C30"]
[Time "14:03:36"]
[TimeControl "2700+45"]

1. e4 e5 2. f4 d6 3. Nf3 Nc6 4. d4 f6 5. Bb5 Bd7 6. Bxc6 Bxc6 7. d5 Bd7 8. O-O
f5 9. fxe5 fxe4 10. Ng5 Nh6 11. e6 Bc8 12. Nf7 Nxf7 13. exf7+ {Black resigns}
1-0

[Event "Team 45 45 League T35"]
[Site "Internet Chess Club"]
[Date "2007.11.12"]
[Round "4"]
[White "Mitch99"]
[Black "Visin"]
[Result "1-0"]
[WhiteElo "1430"]
[BlackElo "1309"]
[Opening "Ruy Lopez: exchange variation"]
[ECO "C68"]
[Time "15:47:48"]
[TimeControl "2700+45"]

1. e4 e5 2. Nf3 Nc6 3. Bb5 a6 4. Bxc6 bxc6 5. d3 d6 6. O-O Nf6 7. Nc3 Be7 8. d4
Bg4 9. dxe5 dxe5 10. Qxd8+ Rxd8 11. Nxe5 Bd7 12. Rd1 O-O 13. Bf4 Bd6 14. Nxd7
Rxd7 15. e5 Bxe5 16. Bxe5 Nd5 17. Nxd5 cxd5 18. c4 c6 19. Rd3 Re8 20. Bc3 g6 21.
f4 f5 22. Rad1 Red8 23. Ba5 Re8 24. cxd5 cxd5 25. Rxd5 Rxd5 26. Rxd5 Re6 27. Bc3
h5 28. Kf2 Kf7 29. Rd7+ Re7 30. Rxe7+ Kxe7 31. Kg3 Kd6 32. Kh4 Ke6 33. Kg5 Kf7
{Black resigns} 1-0

[Event "Team 45 45 League T35"]
[Site "Internet Chess Club"]
[Date "2007.11.11"]
[Round "4"]
[White "Tomate"]
[Black "mkrump"]
[Result "1-0"]
[WhiteElo "1357"]
[BlackElo "1320"]
[Opening "Sicilian: Najdorf, Byrne (English) attack"]
[ECO "B90"]
[Time "10:01:44"]
[TimeControl "2700+45"]

1. e4 c5 2. Nf3 d6 3. d4 cxd4 4. Nxd4 Nf6 5. Nc3 a6 6. Be3 e5 7. Nb3 Be7 8. Qd2
Be6 9. f3 Nc6 10. O-O-O Qc7 11. Nd5 Bxd5 12. exd5 Na7 13. g4 h6 14. h4 Nc8 15.
Qf2 Bd8 16. Bg2 Nb6 17. Bxb6 Qxb6 18. Qe2 Nd7 19. f4 f6 20. Be4 Nc5 21. Nxc5
Qxc5 22. Bg6+ Ke7 23. fxe5 fxe5 24. Rhf1 Bb6 25. Rf7+ Kd8 26. Qf3 Qe3+ 27. Qxe3
Bxe3+ 28. Kb1 b5 29. Rdf1 Bf4 30. Rxg7 Rc8 31. Ra7 Rg8 32. h5 Rc5 33. Ra8+ Rc8
34. Rxa6 Rg7 35. Rxd6+ Rd7 36. Rxd7+ Kxd7 37. Bf5+ Kc7 38. Bxc8 Kxc8 39. b3 Kd7
40. c4 bxc4 41. bxc4 Kd6 42. Kc2 Kc5 43. Kb3 Bg5 44. a4 e4 45. Kc3 e3 46. Re1
Kd6 47. Kd3 Kc5 48. Rxe3 Kb4 49. Re5 Kxa4 50. Rxg5 hxg5 51. d6 {Black resigns}
1-0

[Event "Team 45 45 League T35"]
[Site "Internet Chess Club"]
[Date "2007.11.11"]
[Round "4"]
[White "bjc"]
[Black "Dalcon"]
[Result "1-0"]
[WhiteElo "1321"]
[BlackElo "1337"]
[Opening "Robatsch (modern) defense"]
[ECO "B06"]
[Time "14:57:09"]
[TimeControl "2700+45"]

1. e4 g6 2. d4 d6 3. Nc3 Bg7 4. Bc4 c5 5. Nf3 Bg4 6. Be3 cxd4 7. Bxd4 Bxd4 8.
Qxd4 Nf6 9. h3 Bxf3 10. gxf3 Nc6 11. Qd2 Ne5 12. Be2 O-O 13. O-O-O a6 14. f4 Nc6
15. f5 Kg7 16. fxg6 fxg6 17. f4 h6 18. f5 g5 19. h4 Nh7 20. hxg5 Nxg5 21. Rxh6
e6 22. Rg6+ Kf7 23. Rxg5 exf5 24. Bh5+ Kf6 25. Nd5+ Ke5 26. Qh2+ Ke6 27. exf5+
Rxf5 28. Rg6+ {Black resigns} 1-0

[Event "Team 45 45 League T35 u"]
[Site "Internet Chess Club"]
[Date "2007.11.09"]
[Round "4"]
[White "smcintyr11"]
[Black "ckak0202"]
[Result "1/2-1/2"]
[WhiteElo "1144"]
[BlackElo "1146"]
[Opening "Giuoco Piano"]
[ECO "C50"]
[Time "20:55:48"]
[TimeControl "2700+45"]

1. e4 e5 2. Nf3 Nc6 3. Bc4 Bc5 4. O-O Nf6 5. d3 O-O 6. Bg5 d6 7. c3 h6 8. Be3
Bxe3 9. fxe3 b6 10. d4 Nxe4 11. Bd5 Nxc3 12. Nxc3 Bb7 13. Bxc6 Bxc6 14. dxe5
dxe5 15. Qxd8 Raxd8 16. Nxe5 Bb7 17. Nb5 Rd2 18. Nf3 Rxb2 19. Nxc7 Rc8 20. Rf2
Rxf2 21. Kxf2 Rxc7 22. Rd1 Bxf3 23. Kxf3 Rc2 24. a4 Ra2 25. Rd4 a6 26. h4 g5 27.
g3 b5 28. axb5 axb5 29. Rb4 Ra5 30. Ke4 gxh4 31. gxh4 Kg7 32. Kf5 f6 33. h5 Kf7
34. e4 Kg7 35. Ke6 Ra6+ 36. Kf5 Ra5 37. Ke6 Ra6+ 38. Kf5 Ra5 39. Ke6 Ra6+ {Game
drawn by repetition} 1/2-1/2

[Event "Team 45 45 League T35"]
[Site "Internet Chess Club"]
[Date "2007.11.09"]
[Round "4"]
[White "Fidelian"]
[Black "merecat"]
[Result "1-0"]
[WhiteElo "1350"]
[BlackElo "1328"]
[Opening "Philidor's defense"]
[ECO "C41"]
[Time "14:00:41"]
[TimeControl "2700+45"]

1. e4 e5 2. Nf3 d6 3. d4 Bg4 4. dxe5 Bxf3 5. gxf3 Nc6 6. Bb5 a6 7. Bxc6+ bxc6 8.
exd6 Qxd6 9. Qe2 Be7 10. e5 Qc5 11. Be3 Qxe5 12. Nc3 Nf6 13. f4 Qf5 14. O-O-O
O-O 15. Bd4 Qxf4+ 16. Kb1 Rfe8 17. Qd3 Bb4 18. Rhg1 g6 19. Qc4 Bxc3 20. Qxc3 Nd5
21. Qxc6 Nb4 22. Qc3 Nd5 23. Qc5 Qe4 24. Bc3 Nxc3+ 25. Qxc3 Qe5 26. Qg3 Qxg3 27.
hxg3 Re2 28. f4 a5 29. Rd7 Ra7 30. b3 Rb7 31. a4 Re4 32. Ka2 Re2 33. Kb2 Kf8 34.
Kc3 Re7 35. Rgd1 c6 36. Rxb7 Rxb7 37. Rd4 c5 38. Rc4 Rc7 39. Kd3 Kg7 40. Ke4 f5+
41. Kd5 Kf7 42. Rxc5 Rxc5+ 43. Kxc5 Ke6 44. Kb6 h5 45. Kxa5 Kd5 46. Kb5 Ke4 47.
a5 Kf3 48. a6 Kxg3 49. a7 h4 50. a8=Q h3 51. Qh1 Kxf4 52. Qxh3 g5 53. c4 g4 54.
Qf1+ Kg5 55. Qg2 f4 56. c5 f3 57. Qg3 Kh5 58. c6 {Black resigns} 1-0

[Event "Team 45 45 League T35"]
[Site "Internet Chess Club"]
[Date "2007.11.13"]
[Round "4"]
[White "carolinaknight"]
[Black "b2solo"]
[Result "1-0"]
[WhiteElo "1203"]
[BlackElo "1170"]
[Opening "Pirc defense"]
[ECO "B07"]
[Time "20:06:22"]
[TimeControl "2700+45"]

1. e4 d6 2. d4 Nf6 3. Nc3 g6 4. f3 Bg7 5. Bd2 c6 6. Bd3 b5 7. a3 O-O 8. Nge2 Na6
9. O-O Nc7 10. Ng3 h5 11. Qc1 Nh7 12. Bh6 Bxd4+ 13. Be3 Bxe3+ 14. Qxe3 e5 15.
Rad1 Ne6 16. Kh1 Nf4 17. Bxb5 cxb5 18. Nxb5 h4 19. Ne2 Nxe2 20. Qxe2 Qg5 21.
Rxd6 h3 22. Rg1 hxg2+ 23. Rxg2 Qf4 24. Rg3 Ng5 25. Nc3 Kg7 26. Nd5 Qc1+ 27. Rg1
Qxb2 28. Rxg5 Qxa3 29. Rf6 Ba6 30. Rxa6 Qc1+ 31. Rg1 Qb2 32. Qg2 Rac8 33. Rxg6+
fxg6 34. Qxg6+ Kh8 35. Qg7# {Black checkmated} 1-0

[Event "Team 45 45 League T35"]
[Site "Internet Chess Club"]
[Date "2007.11.09"]
[Round "4"]
[White "uipawn"]
[Black "furrbrain"]
[Result "0-1"]
[WhiteElo "1325"]
[BlackElo "1340"]
[Opening "French: King's Indian attack"]
[ECO "C00"]
[Time "20:01:34"]
[TimeControl "2700+45"]

1. e4 e6 2. d3 d5 3. e5 c5 4. Nf3 Nc6 5. c3 Nge7 6. d4 Nf5 7. Bg5 Qb6 8. Qc2 Be7
9. Bf4 O-O 10. Be2 cxd4 11. cxd4 Ncxd4 12. Qd2 Bb4 13. Nc3 Bd7 14. O-O a6 15.
Be3 Bc5 16. Bd1 Nxe3 17. fxe3 Nf5 18. Nd4 Nxd4 19. Ba4 Nc6 20. Nd1 Nxe5 21. Bxd7
Nxd7 22. Kh1 Qb5 23. Rg1 Nf6 24. Nc3 Qb6 25. Na4 Ne4 26. Nxb6 Nxd2 27. Nxa8 Ne4
28. Nc7 Nf2# {White checkmated} 0-1

[Event "Team 45 45 League T35"]
[Site "Internet Chess Club"]
[Date "2007.11.08"]
[Round "4"]
[White "WzeroMN"]
[Black "gsloan"]
[Result "0-1"]
[WhiteElo "1194"]
[BlackElo "1166"]
[Opening "French: advance variation"]
[ECO "C02"]
[Time "19:47:34"]
[TimeControl "2700+45"]

1. e4 e6 2. d4 d5 3. e5 c5 4. c3 Qb6 5. Nf3 Nc6 6. Be2 cxd4 7. cxd4 Nge7 8. g4
Ng6 9. Nc3 a6 10. Qb3 Qxb3 11. axb3 Be7 12. h4 Na5 13. Rxa5 Bb4 14. Ra1 O-O 15.
Bd2 Bd7 16. Na2 Bxd2+ 17. Nxd2 Rac8 18. O-O Nf4 19. Rfe1 Rc2 20. Nf3 Nxe2+ 21.
Kf1 Nf4 22. Rab1 Rfc8 23. Rec1 Bb5+ 24. Kg1 Nd3 25. Rxc2 Rxc2 26. Ne1 Rxb2 27.
Rxb2 Nxb2 28. Nb4 a5 29. Nbc2 Nd3 30. Na3 Nxe1 31. Nxb5 Nf3+ 32. Kg2 Nxh4+ 33.
Kg3 Ng6 34. Nd6 b6 35. Nb5 Ne7 36. Nc3 Nc6 37. Nb5 f6 38. f4 fxe5 39. fxe5 Kf7
40. Kf4 Kg6 41. Kg3 Kg5 42. Kf3 h5 43. gxh5 Kxh5 44. Kg3 g5 45. Kg2 Kh4 46. Kg1
g4 47. Kg2 g3 48. Kg1 Kg4 49. Kg2 Kf4 50. Kg1 Ke4 51. Kg2 Nxd4 52. Kxg3 Nxb5 53.
Kf2 Kxe5 54. Ke2 Kf4 55. Kd2 e5 56. Kc2 e4 57. Kb2 e3 58. b4 axb4 59. Kb3 e2 60.
Kxb4 d4 61. Kxb5 d3 62. Kxb6 e1=Q 63. Ka7 d2 64. Kb6 d1=Q 65. Ka7 Qc3 66. Ka6
Qcb3 {White resigns} 0-1

[Event "Team 45 45 League T35"]
[Site "Internet Chess Club"]
[Date "2007.11.10"]
[Round "4"]
[White "Fegary"]
[Black "GadsHill"]
[Result "1-0"]
[WhiteElo "1907"]
[BlackElo "1532"]
[Opening "Philidor: Improved Hanham variation"]
[ECO "B07"]
[Time "15:03:16"]
[TimeControl "2700+45"]

1. e4 d6 2. d4 Nf6 3. Nc3 Nbd7 4. Nf3 e5 5. Bc4 Be7 6. dxe5 dxe5 7. Ng5 O-O 8.
Bxf7+ Rxf7 9. Ne6 Qe8 10. Nxc7 Qd8 11. Nxa8 b5 12. Nxb5 Qa5+ 13. Nc3 Ba6 14. a3
Bc5 15. Qd2 Qd8 16. b4 Bd4 17. f3 Qxa8 18. Rb1 Qc8 19. Nd1 Nb6 20. c3 Rc7 21. b5
Rxc3 22. Qa2+ Kh8 23. Nxc3 Bxc3+ 24. Bd2 Bxd2+ 25. Qxd2 Bb7 26. O-O Nc4 27. Qc3
Qc5+ 28. Kh1 Bc8 29. Rfc1 Be6 30. Rb4 {Black resigns} 1-0

[Event "Team 45 45 League T35"]
[Site "Internet Chess Club"]
[Date "2007.11.10"]
[Round "4"]
[White "chessbuzz"]
[Black "C-Jones"]
[Result "0-1"]
[WhiteElo "1539"]
[BlackElo "1601"]
[Opening "Sicilian: Grand Prix attack"]
[ECO "B23"]
[Time "20:01:27"]
[TimeControl "2700+45"]

1. e4 c5 2. Nc3 Nc6 3. f4 e5 4. Nf3 exf4 5. Bb5 Nge7 6. O-O a6 7. Bxc6 Nxc6 8.
d3 Be7 9. Bxf4 O-O 10. Nd5 d6 11. Qe1 Be6 12. Ne3 d5 13. exd5 Bxd5 14. Nxd5 Qxd5
15. Qg3 Nd4 16. Qf2 Nxf3+ 17. Qxf3 Qxf3 18. Rxf3 Rfe8 19. Kf1 Bf6 20. c3 Re6 21.
Re3 Rae8 22. Rae1 Rxe3 23. Rxe3 Rxe3 24. Bxe3 Be7 25. h3 f5 26. g4 fxg4 27. hxg4
Kf7 28. Kg2 Ke6 29. Kg3 Bd6+ 30. Bf4 Be7 31. g5 Kf5 32. g6 Kxg6 33. Bc7 Kf5 34.
d4 cxd4 35. cxd4 Ke4 36. Be5 Bf6 37. Bxf6 gxf6 38. d5 Kxd5 39. Kf4 Ke6 40. b4 b6
41. a4 b5 42. axb5 axb5 43. Ke4 f5+ 44. Kf4 Kd5 45. Kxf5 Kc4 46. Kg5 Kxb4 47.
Kh6 Kc3 48. Kxh7 b4 49. Kg6 b3 50. Kf5 b2 51. Ke4 b1=Q+ {White resigns} 0-1

[Event "Team 45 45 League T35"]
[Site "Internet Chess Club"]
[Date "2007.11.12"]
[Round "4"]
[White "chesskix"]
[Black "Platitude"]
[Result "1/2-1/2"]
[WhiteElo "1509"]
[BlackElo "1555"]
[Opening "Sicilian: Smith-Morra gambit"]
[ECO "B21"]
[Time "17:59:25"]
[TimeControl "2700+45"]

1. e4 c5 2. d4 cxd4 3. c3 dxc3 4. Nxc3 d6 5. Nf3 Nc6 6. Bc4 e6 7. O-O Be7 8. Re1
Qc7 9. Nb5 Qd8 10. Nc3 Qc7 11. Nb5 Qd8 12. Nc3 Qc7 13. Nb5 Qd8 14. Nc3 {Game
drawn by repetition} 1/2-1/2

[Event "Team 45 45 League T35"]
[Site "Internet Chess Club"]
[Date "2007.11.09"]
[Round "4"]
[White "Sir-Anthony"]
[Black "curtintime"]
[Result "0-1"]
[WhiteElo "1274"]
[BlackElo "1453"]
[Opening "Queen's pawn game, Chigorin variation"]
[ECO "D02"]
[Time "19:08:42"]
[TimeControl "2700+45"]

1. Nf3 d5 2. d4 Nc6 3. Nbd2 Nf6 4. c3 g6 5. e3 Bg7 6. Bb5 a6 7. Bxc6+ bxc6 8.
Nb3 Bg4 9. h3 Bf5 10. Nfd2 Nd7 11. Na5 Nb8 12. Ndb3 O-O 13. Nc5 Bc8 14. Qa4 Qd6
15. O-O e5 16. f4 exf4 17. exf4 Re8 18. Qc2 Bf5 19. Qa4 Qf6 20. g4 Be4 21. f5
Qh4 22. Kh2 gxf5 23. Rxf5 Bxf5 {White resigns} 0-1